AoeStats
← soccergeeg

Pilgrims

510041151Analyzed
2v2 RM · 3d ago on Sep 29, 2026· 52m 54s· 4 players
Game mode
Random Map
Map size
Medium (4 player)
Population
200
Speed
Normal
Resources
Standard
Victory
Conquest
Starting age
Dark Age
Ending age
Imperial Age
RankedLock teamsTeams togetherTeam positionsShared explorationLock speedFull tech treeHidden civsTurbo modeCheats
Victory
Defeat
🇦🇷 Gurjaras · Argentina
807
+16
🇦🇷 Koreans · Argentina
641
+18
🇺🇸 Khmer · United States
705
-15
🇺🇸 Turks · United States
644
-13
FARTKNOXX
11:19 Loom
15:29 Feudal Age
21:02 Castle Age
21:32 Double-Bit Axe
21:33 Horse Collar
22:44 Bow Saw
26:03 Stone Mining
26:04 Gold Mining
28:02 Medium Warships
30:59 Fishing Lines
36:31 Imperial Age
34:37 Wheelbarrow
33:48 Town Watch
35:09 Heavy Plow
40:26 Gillnets
40:06 Heavy Scorpion
41:47 Bombard Tower
43:57 Gold Shaft Mining
48:34 Hand Cart
48:20 Town Patrol
48:16 Elite Janissary
49:01 Artillery
soccergeeg
3:33 Loom
11:48 Feudal Age
12:26 Double-Bit Axe
16:11 Bloodlines
17:00 Horse Collar
21:24 Wheelbarrow
21:35 Forging
25:03 Castle Age
27:40 Pikeman
29:08 Bow Saw
32:16 Imperial Age
31:09 Scale Barding Armor
33:39 Hand Cart
37:31 Tusk Swords
39:43 Padded Archer Armor
41:29 Double Crossbow
43:17 Leather Archer Armor
43:57 Ballistics
46:08 Murder Holes
46:04 Guard Tower
47:12 Ring Archer Armor
48:29 Conscription
48:27 Husbandry
47:51 Halberdier
53:08 Scale Mail Armor
WildCashew8600
8:22 Feudal Age
16:06 Double-Bit Axe
16:53 Horse Collar
18:12 Wheelbarrow
19:24 Fishing Lines
28:21 Castle Age
28:20 Stone Mining
30:37 Bow Saw
30:32 Heavy Plow
31:42 Stone Shaft Mining
31:48 Hand Cart
33:53 Gold Mining
35:46 Loom
45:06 Caravan
49:27 Imperial Age
46:44 Town Watch
48:15 Kshatriyas
48:45 Forging
49:27 Scale Barding Armor
49:49 Ballistics
49:26 Murder Holes
49:16 Treadmill Crane
51:35 Heavy Scorpion
53:19 Chemistry
52:45 Chain Barding Armor
Elpataflaka1872
9:32 Feudal Age
10:27 Fishing Lines
15:30 Loom
15:40 Gold Mining
15:39 Double-Bit Axe
20:59 Castle Age
21:03 Wheelbarrow
20:22 Stone Mining
22:22 Bow Saw
22:52 Stone Shaft Mining
22:53 Gold Shaft Mining
22:16 Gillnets
22:54 Husbandry
22:44 Town Watch
26:18 Fervor
26:23 Fletching
26:44 Forging
26:40 Scale Barding Armor
28:23 Horse Collar
29:22 Hand Cart
32:05 Town Patrol
34:35 Imperial Age
32:57 Heavy Plow
33:07 Eupseong
33:05 Murder Holes
33:21 Masonry
33:22 Fortified Wall
33:33 Ballistics
32:54 Treadmill Crane
33:18 Pikeman
33:58 Squires
33:44 Arson
36:17 Two-Man Saw
35:27 Halberdier
36:35 Conscription
37:20 Chemistry
36:51 Architecture
36:40 Elite Fire Lancer
38:57 Iron Casting
38:24 Scale Mail Armor
38:20 Bodkin Arrow
38:45 Chain Barding Armor
37:53 Light Cavalry
40:40 Man-at-Arms
41:51 Hussar
42:43 Cavalier
43:46 Chain Mail Armor
43:31 Bracer
43:11 Long Swordsman
45:40 Two-Handed Swordsman
46:21 Elite War Wagon
Connection lost

Rejoining the realm…

Still unreachable

The connection could not be restored.

Session expired

The server has moved on; the page needs a fresh start.